 Dungeon Crawl Stone Soup version 0.31-a0-965-g8a8ce12e04 (webtiles) character file.

Game seed: 16279027117391932593

2430 Maratek the Poker (level 9, 0/68 HPs)
             Began as a Demonspawn Fighter on Oct 26, 2023.
             Was a Follower of Makhleb.
             Slain by a killer bee (5 damage)
             ... on level 7 of the Dungeon.
             The game lasted 00:16:49 (6078 turns).

Maratek the Poker (Demonspawn Fighter)              Turns: 6078, Time: 00:16:49

Health: 0/68       AC:  7    Str: 20    XL:     9   Next: 24%
Magic:  9/9        EV: 11    Int:  9    God:    Makhleb [*.....]
Gold:   265        SH:  6    Dex: 16    Spells: 8/8 levels left

rFire   . . .        a - +0 trident
rCold   . . .        c - +1 buckler
rNeg    . . .        b - +0 scale mail
rPois   .            (helmet restricted)
rElec   .            (no cloak)
rCorr   .            (no gloves)
SInv    .            (no boots)
Will    +....        (no amulet)
Stlth   ++           o - ring of willpower
HPRegen 0.31/turn    (no ring)
MPRegen 0.11/turn

%: no passive effects
@: lethally poisoned (0 -> -1)
A: antennae 2, thin skeletal structure 1, demonic guardian 2, ignite blood 2
a: Renounce Religion


You were on level 7 of the Dungeon.
You worshipped Makhleb.
Makhleb was aware of your devotion.
You visited 2 branches of the dungeon, and saw 8 of its levels.

You collected 265 gold pieces.

Inventory:

Hand Weapons
 a - a +0 trident (weapon)
Missiles
 p - a throwing net
Armour
 b - a +0 scale mail (worn)
 c - a +1 buckler (worn)
Jewellery
 o - a ring of willpower (left hand)
Wands
 h - a wand of roots (3)
 l - a wand of digging (5)
 q - a wand of light (10)
Scrolls
 e - a scroll of amnesia
 f - 2 scrolls of teleportation
 k - 2 scrolls of poison
 n - a scroll of immolation
 t - a scroll of identify
Potions
 d - 3 potions of might
 g - a potion of degeneration {unknown}
 i - 2 potions of enlightenment {unknown}
 j - 2 potions of curing {unknown}
 m - 3 potions of lignification {unknown}
 r - a potion of haste {unknown}
 s - a potion of magic {unknown}


   Skills:
 + Level 5.3 Fighting
 + Level 7.7 Polearms
 + Level 6.1 Armour
 + Level 2.9 Dodging
 + Level 1.5 Stealth
 + Level 4.5 Shields


You had 8 spell levels left.
You didn't know any spells.
Your spell library contained the following spells:

 Spells                   Type           Power      Damage    Failure   Level
 Cigotuvi's Dreadful Rot  Necr/Pois/Air  0%         N/A       89%         2
 Ignite Poison            Fire/Tmut/Pois 0%         N/A       98%         3
 Freezing Cloud           Conj/Ice/Air   0%         6-21      100%        5


Dungeon Overview and Level Annotations

Branches:
Dungeon (7/15)             Temple (1/1) D:5

Altars:
Ashenzari
Cheibriados
Dithmenos
Fedhas
Gozag
Hepliaklqana
Kikubaaqudgha
Makhleb
Nemelex Xobeh
Okawaru
Qazlal
Sif Muna
Trog
Uskayaw
Vehumet
Wu Jian
Yredelemnul

Shops:
D:1 [   D:2 =   D:5 *


Innate Abilities, Weirdness & Mutations

You have a pair of antennae on your head.
You have a somewhat thin skeletal structure. (Dex +2, Stealth+)
A demonic guardian rushes to your aid.
Your demonic aura often causes spilled blood to erupt in flames.


Message History

You feel sick. The killer bee stings you.
You are more poisoned.
The killer bee poisons you! You block the killer bee's attack.
You closely miss the killer bee.
The killer bee is severely wounded.
You feel very sick. The killer bee barely misses you.
The killer bee misses you.
You puncture the killer bee!
You kill the killer bee!
Makhleb accepts your kill.
You feel sick.
You puncture the killer bee!
The killer bee is severely wounded.
You feel sick. You block the killer bee's attack. The killer bee stings you.
* * * LOW HITPOINT WARNING * * *
You puncture the killer bee!
You kill the killer bee!
Makhleb accepts your kill.
You feel better.
You feel sick. The killer bee barely misses you.
You feel sick.
You are too injured to fight recklessly!
You are too injured to fight recklessly!
You are too injured to fight recklessly!
Unknown command.
You feel sick. The killer bee closely misses you.
You block the killer bee's attack.
You puncture the killer bee!
The killer bee is severely wounded.
The killer bee stings you.
* * * LOW HITPOINT WARNING * * *
A demonic guardian appears!
You block the killer bee's attack.
You barely miss the killer bee.
The killer bee is severely wounded.
You feel sick. The killer bee stings you.
* * * LOW HITPOINT WARNING * * *
The killer bee barely misses you.
You hit the killer bee but do no damage.
The killer bee is severely wounded.
You feel sick. You block the killer bee's attack. The killer bee stings you.
You die...

...............#..
.....###.###.#.####
#....# #.# #...#..
#....# #.# ###.#.#
#....# #.# #.#.###
#.#### #.# #.....#
.. #.# ###.#..# ##
#.# #y##.# #@# y#{
#4#,,. #.# .. #.#
.. #.# ... #.# #.#
#.# #.#


You could see a killer bee (ally target) and a friendly ice devil (summoned).

Vanquished Creatures
  Pikel (D:5)
  An ice beast (D:6)
  2 orc warriors (D:6)
  2 black bears
  2 ogres (D:5)
  A centaur (D:5)
  A phantom (D:7)
  A lemure (D:5)
  3 killer bees (D:7)
  A howler monkey (D:6)
  3 hounds
  4 orc wizards (D:6)
  3 iguanas
  10 adders
  A gnoll (D:4)
  3 ufetubi (D:6)
  2 worms
  3 dart slugs
  16 orcs
  7 ball pythons
  8 endoplasms
  3 giant cockroaches
  5 goblins
  9 hobgoblins
  11 jackals (D:1)
  4 quokkas
  4 bats
  2 frilled lizards
  7 kobolds
  4 rats
124 creatures vanquished.

Vanquished Creatures (collateral kills)
  Prince Ribbit (D:5)
  An ice beast (D:5)
  A sky beast (D:6)
  A lemure (D:5)
  A scorpion (D:5)
  A hound (D:4)
  3 gnolls (D:4)
  An adder (D:3)
  A shadow imp (D:6)
  An ufetubus (D:6)
  6 orcs
  An endoplasm (D:4)
  2 kobolds
21 creatures vanquished.

Grand Total: 145 creatures vanquished

Notes
Turn   | Place    | Note
-------+----------+-------------------------------------------
     0 | D:1      | Maratek the Demonspawn Fighter began the quest for the Orb.
     0 | D:1      | Reached XP level 1. HP: 18/18 MP: 1/1
   200 | D:1      | Gained mutation: A weak demonic guardian rushes to your
                  | aid. [demonic ancestry]
   200 | D:1      | Reached XP level 2. HP: 22/24 MP: 2/2
   210 | D:1      | Reached skill level 2 in Polearms
   263 | D:1      | Found Qism's Armour Shop.
   598 | D:1      | Gained mutation: Your demonic aura sometimes causes spilled
                  | blood to erupt in flames. [demonic ancestry]
   598 | D:1      | Reached XP level 3. HP: 29/29 MP: 3/3
   877 | D:2      | Found Ytuim's Jewellery Boutique.
  1034 | D:2      | You fall into a shaft and drop 1 floor!
  1055 | D:3      | Gained mutation: A demonic guardian rushes to your aid.
                  | [demonic ancestry]
  1055 | D:3      | Reached XP level 4. HP: 31/35 MP: 4/4
  1093 | D:3      | Reached skill level 3 in Polearms
  1848 | D:2      | Reached XP level 5. HP: 41/41 MP: 5/5
  2771 | D:4      | Reached skill level 4 in Polearms
  2999 | D:4      | Gained mutation: You have a pair of small antennae on your
                  | head. [demonic ancestry]
  2999 | D:4      | Reached XP level 6. HP: 21/47 MP: 6/6
  3163 | D:4      | Found a hazy altar of Hepliaklqana.
  3175 | D:4      | Found a radiant altar of Vehumet.
  3456 | D:5      | Entered Level 5 of the Dungeon
  3574 | D:5      | Found Kofuaxyqe's Neck Hole.
  3655 | D:5      | Found a staircase to the Ecumenical Temple.
  3665 | Temple   | Entered the Ecumenical Temple
  3727 | Temple   | Became a worshipper of Makhleb the Destroyer
  3757 | D:5      | Noticed Prince Ribbit
  3783 | D:5      | Killed Prince Ribbit
  3784 | D:5      | Reached skill level 5 in Polearms
  3784 | D:5      | Reached skill level 1 in Dodging
  3784 | D:5      | Gained mutation: Your demonic aura often causes spilled
                  | blood to erupt in flames. [demonic ancestry]
  3784 | D:5      | Reached XP level 7. HP: 7/53 MP: 7/7
  3994 | D:5      | Found an ornate altar of the Wu Jian Council.
  4023 | D:5      | Reached skill level 1 in Stealth
  4327 | D:5      | Found a bloodstained altar of Trog.
  4463 | D:5      | Noticed Pikel
  4470 | D:5      | Killed Pikel
  4471 | D:5      | Reached skill level 6 in Polearms
  4471 | D:5      | Reached skill level 5 in Armour
  4471 | D:5      | Gained mutation: You have a somewhat thin skeletal
                  | structure. (Dex +2, Stealth+) [demonic ancestry]
  4471 | D:5      | Reached XP level 8. HP: 52/61 MP: 8/8
  4841 | D:6      | Reached skill level 5 in Fighting
  4897 | D:6      | Reached skill level 7 in Polearms
  4917 | D:6      | Reached * piety under Makhleb
  5041 | D:6      | Noticed a boulder beetle
  5372 | D:6      | Gained mutation: You have a pair of antennae on your head.
                  | [demonic ancestry]
  5372 | D:6      | Reached XP level 9. HP: 52/68 MP: 9/9
  6078 | D:7      | Slain by a killer bee

Illustrated notes

Levels and vault maps discovered:
D:1:      nzn_arrival_settlement, layout_basic, serial_shops,
          nicolae_shop_tiny_real_fake_doors
D:2:      layout_basic, serial_shops, shop, dreamdust_princess_bridge,
          hangedman_decor_opposing
D:3:      layout_loops_ring, mainiacjoe_overflow_concentric_impassable,
          minmay_ruptured
D:4:      layout_cave_pods, nicolae_overflow_squiral
D:5:      layout_basic, trog_hazing_becter, nzn_wu_jian_council_hall,
          minmay_temple_entry_glass, grunt_decor_one_mirror,
          nicolae_shop_sticking_my_neck_out, uniq_pikel, uniq_prince_ribbit1
D:6:      layout_cave_pools
D:7:      layout_basic, mainiacjoe_overflow_paths, mainiacjoe_overflow_boulevard
Temple:   zaba_magenta_temple

Skill      XL: |  1  2  3  4  5  6  7  8 |
---------------+-------------------------+-----
Polearms       | 2 3 4 5 6 7 |  7.7
Armour         | 3 4 5 6 |  6.1
Shields        | 3 4 |  4.5
Dodging        | 1 2 |  2.9
Stealth        | 1 |  1.5
Fighting       | 4 5 |  5.3

Action                     |  1- 3 |  4- 6 |  7- 9 || total
---------------------------+-------+-------+-------++-------
  Melee: Trident           |   114 |   171 |   255 ||   540
    Use: Scroll            |     1 |    10 |     5 ||    16
   Stab: Sleeping          |       |       |     1 ||     1
 Armour: Scale mail        |    76 |   104 |   144 ||   324
  Dodge: Dodged            |    45 |    77 |   105 ||   227
  Block: Buckler           |    28 |    38 |    58 ||   124

Table legend: (Time is in decaauts)
 A = Elapsed time spent in this place.
 B = Non-inter-level travel time spent in this place.
 C = Inter-level travel time spent in this place.
 D = Time resting spent in this place.
 E = Time spent auto-exploring this place.
 F = Levels seen in this place.
 G = Mean time per level.
                   A        B        C        D        E       F      G
               +--------+--------+--------+--------+--------+-----+--------+
         Total |   6134 |   5768 |    366 |   1122 |   3499 |   8 |  766.8 |
       Dungeon |   6059 |   5766 |    293 |   1122 |   3499 |   7 |  865.6 |
        Temple |     75 |      2 |     73 |      0 |      0 |   1 |   75.0 |
               +--------+--------+--------+--------+--------+-----+--------+

Top non-repeatable levels by time:
     D:5: 1386 daAuts
     D:4: 1227 daAuts
     D:6: 790 daAuts
     D:1: 770 daAuts
     D:2: 758 daAuts
     D:3: 750 daAuts
     D:7: 374 daAuts
  Temple: 75 daAuts
